 Dungeon Crawl Stone Soup version bcrawl-1.37.2 (webtiles) character file.

Game seed: 15709800467208565284

278803 Mehrunes the Cleaver (level 11, -2/67 (68) HPs)
             Began as a Skeleton Necromancer on Oct 27, 2022.
             Was a Follower of Kikubaaqudgha.
             Slain by a cane toad (16 damage)
             ... on level 2 of the Lair of Beasts.
             The game lasted 00:31:20 (14412 turns).

Mehrunes the Cleaver (Skeleton Necromancer)        Turns: 14412, Time: 00:31:21

HP:   -2/67 (68)    AC: 16    Str: 16      XL:     11   Next: 49%
MP:   0/20          EV:  8    Int: 15 (16) God:    Kikubaaqudgha [*.....]
Gold: 342           SH:  5    Dex: 12      Spells: 3/22 levels left

rFire    . . .     GDR:     31% D - +0 broad axe
rCold    + . .     SeeInvis .   J - +0 buckler
rNeg     + + +     Gourm    .   h - +0 chain mail
rPois    ∞         Faith    .   x - +1 hat
rElec    +         Spirit   +   (no cloak)
rCorr    .         Reflect  .   E - +2 pair of gloves {Dex+3}
MR       +....                  p - +0 pair of boots
Stlth    ..........             y - amulet of regeneration
HPRegen  0.21/turn              c - ring of flight
MPRegen  0.17/turn              z - ring of insulation

@: very slightly contaminated
A: no food or potions, cold resistance 1, deterioration 1, negative energy
resistance 3, powered by death 1, torment resistance, unbreathing, magic shield,
sturdy frame 2, spell healing
a: Receive Corpses, Renounce Religion, Evoke Flight


You were on level 2 of the Lair of Beasts.
You worshipped Kikubaaqudgha.
Kikubaaqudgha was aware of your devotion.
You were not hungry.

You visited 3 branches of the dungeon, and saw 12 of its levels.
You also visited: Ice Cave.

You collected 617 gold pieces.
You spent 275 gold pieces at shops.

Inventory:

Hand Weapons
 a - a +0 dagger of pain
 n - a +2 dagger of chaos
 t - a +0 war axe
 v - a +2 dagger of venom
 D - a +0 broad axe (weapon)
 G - the +0 flail of Ugeiklua {elec, rPois, unknown}
   (You found it on level 9 of the Dungeon)

   Occasionally, upon striking a foe, it will discharge some electrical energy
   and cause terrible harm.
   It protects you from poison.
Armour
 b - a +0 robe
 d - a +0 pair of gloves
 f - a +1 ring mail of fire resistance
 h - a +0 chain mail (worn)
 j - a +0 ring mail
 p - a +0 pair of boots (worn)
 r - a +0 scale mail
 u - a +0 helmet
 x - a +1 hat (worn)
 B - a +0 cloak
 E - a +2 pair of gloves of dexterity (worn)
 J - a +0 buckler (worn)
Jewellery
 c - a ring of flight (left hand)
 y - an amulet of regeneration (around neck)
 z - a ring of insulation (right hand)
 H - an uncursed amulet of magic regeneration {unknown}
 K - a +7 ring of dexterity {unknown}
Wands
 m - a wand of polymorph (8)
 o - a wand of flame (34)
 F - a wand of paralysis (7)
Scrolls
 e - 3 scrolls of immolation
 g - 3 scrolls of remove curse
 i - 3 scrolls of identify
 k - 3 scrolls of enchant weapon
 q - 2 scrolls of enchant armour
 s - a scroll of fog
 w - a scroll of silence
 A - 2 scrolls of amnesia
 C - a scroll of vulnerability


   Skills:
 - Level 7.9 Fighting
 + Level 12.2 Axes
 - Level 8.0 Armour
 - Level 2.0 Dodging
 - Level 2.4 Stealth
 + Level 3.5 Shields
 - Level 6.0 Spellcasting
 - Level 11.0 Necromancy


You had 3 spell levels left.
You knew the following spells:

 Your Spells              Type           Power        Failure   Level  Hunger
a - Necrotize             Necr           #####.       1%          1    N/A
b - Vampiric Draining     Necr           #####.....   3%          3    N/A
c - Agony                 Necr           #####...     12%         4    N/A
d - Dispel Undead         Necr           #####...     34%         5    N/A
e - Corpse Rot            Necr           N/A          1%          2    N/A
f - Animate Dead          Necr           N/A          12%         4    N/A

Your spell library contained the following spells:

 Spells                   Type           Power        Failure   Level  Hunger
 Apportation              Tloc           #.....       75%         1    N/A
 Corona                   Hex            #......      75%         1    N/A
 Infusion                 Chrm           #.......     75%         1    N/A
 Sandblast                Erth           #.....       75%         1    N/A
 Slow                     Hex            #.......     75%         1    N/A
 Summon Butterflies       Summ           #.......     75%         1    N/A

Dungeon Overview and Level Annotations

Branches:
Dungeon (9/12)             Temple (1/1) D:6            Lair (2/6) D:9
  Swamp: Lair:2-4    Shoals: Lair:2-4     Snake: Lair:2-4    Spider: Lair:2-4
    Orc: D:8-11

Altars:
Ashenzari
Cheibriados
Dithmenos
Gozag
Hepliaklqana
Kikubaaqudgha
Lugonu
Makhleb
Nemelex Xobeh
Okawaru
Qazlal
Ru
Sif Muna
Trog
Uskayaw
Vehumet
Wu Jian
Xom
Yredelemnul

Shops:
D:6 *[   D:8 [   D:9 [


Innate Abilities, Weirdness & Mutations

You do not eat or drink.
You are immune to poison.
Your flesh is cold resistant. (rC+)
Your body sometimes deteriorates upon taking damage.
You are immune to negative energy. (rN+++)
You regenerate a little health from kills.
You are immune to unholy pain and torment.
You can survive without breathing.
When hurt, damage is shared between your health and your magic reserves.
Your movements are less encumbered by armour. (ER -4)
Casting spells heals you.


Message History

Okay, then.
Unknown command.
Casting: Animate Dead (safe; 12% risk of failure)
Confirm with . or Enter, or press ? or * to list all spells.
Aiming: Vampiric Draining (safe; 3% risk of failure)
Press: ? - help, Shift-Dir - straight line, f - cane toad
Aim: a cane toad The cane toad is lightly wounded.
You feel life coursing into your body.
The cane toad hits you but does no damage.
You hit the cane toad but do no damage.
The cane toad is lightly wounded.
The cane toad hits you but does no damage.
A hippogriff comes into view.
The cane toad hits you but does no damage.
You slash the cane toad!
The cane toad is heavily wounded.
The cane toad hits you!
You die...
Kikubaaqudgha rasps: "You have failed me!
Welcome... oblivion!"

,,,,,,*###.............,,,,,,,,*
,,,,,,,#................,,,,,,,*
,,,,,,,*>....H..........,,,,,,,*
,,,,,,,,,,....$.........,,,,,,**
,,,,,,,,,,,#P...........,,,,,,*
,,,,,,,,,***#...........,,,,,**
,,,,,,,,,,* #....$......,,,,** *
,,,,,,,,,,* ##..F.......,**,* *
,,,,,,,<,,* ##.@.#.#.#,***** *
,,,,,,,,,,** #####*.,****,******
,,,,,,,,,,,** **,,,*,,,*,*,*
,,,,,,,,,,,,* *,,,,,,,,,,,,,
*,*,,,,,,,,** **,,*,*,******
*,,**,****** ***,****** *
*,***** *,,,,* * *,,* *,*,,*
*,,* **,,,**


You could see a hippogriff and a cane toad.

Vanquished Creatures
  A hydra (Lair:1)
  2 cane toads (Lair:1)
  A meliai (D:8)
  A wolf spider simulacrum (IceCv)
  A troll (shapeshifter) (D:8)
  A troll (D:8)
  Prince Ribbit (D:7)
  A hippogriff (D:8)
  A spriggan (D:7)
  5 yaks (D:9)
  2 hungry ghosts
  3 wargs (D:9)
  A crocodile (D:8)
  Duvessa (D:4)
  2 porcupines
  3 water moccasins
  A swamp drake (Lair:1)
  2 orc warriors
  6 ogres
  A phantom (D:8)
  4 sky beasts
  A necrophage (D:8)
  5 bullfrogs
  A wyvern zombie (D:7)
  Dowan (D:4)
  4 centaurs
  A wyvern skeleton (D:4)
  2 killer bees (D:9)
  3 orc priests
  2 howler monkeys
  6 crimson imps
  2 bullfrog zombies
  3 jellies
  4 hounds
  Ijyb (D:4)
  2 iguanas
  5 orc wizards
  8 worker ants
  A hound zombie (D:6)
  2 hound skeletons
  A mummy (D:7)
  A worker ant zombie (D:8)
  2 river rats (Lair:1)
  9 adders
  2 adder zombies
  2 adder skeletons
  2 dart slugs
  3 leopard geckos
  20 orcs
  2 giant cockroaches
  A goblin (D:1)
  6 hobgoblins
  19 jackals
  4 kobolds
  4 quokkas
  A ball python (D:1)
  3 bats
  A frilled lizard (D:4)
  A jackal zombie (D:5)
  4 rats
183 creatures vanquished.

Vanquished Creatures (collateral kills)
  A death knight (D:9)
  A centaur warrior (D:9)
  Pikel (D:9)
  A hippogriff (D:6)
  5 yaks (D:9)
  A water moccasin (Lair:1)
  A sky beast (D:8)
  A slave (D:9)
  A bullfrog (Lair:1)
  3 killer bees (D:9)
  3 orc priests
  A crimson imp (D:9)
  2 howler monkeys (D:9)
  An orc wizard (D:6)
  A polar bear simulacrum (IceCv)
  An adder (D:3)
  A river rat (Lair:1)
  A worm (D:2)
  A leopard gecko (D:3)
  2 orcs
  2 jackals
  A quokka skeleton (D:5)
  A rat (D:3)
34 creatures vanquished.

Vanquished Creatures (others)
  A slave (D:9)
  An orc wizard (D:7)
  2 fungi
4 creatures vanquished.

Grand Total: 221 creatures vanquished

Notes
Turn   | Place    | Note
-------+----------+-------------------------------------------
     0 | D:1      | Mehrunes the Skeleton Necromancer began the quest for the
                  | Orb.
     0 | D:1      | Reached XP level 1. HP: 10/10 MP: 4/4
   352 | D:1      | Reached XP level 2. HP: 12/15 MP: 0/6
   355 | D:1      | Reached skill level 5 in Necromancy
  1156 | D:2      | Found an opulent altar of Gozag.
  1243 | D:2      | Reached XP level 3. HP: 10/19 MP: 1/7
  1765 | D:2      | Found a glowing silver altar of Zin.
  1866 | D:2      | Learned a level 3 spell: Vampiric Draining
  2138 | D:3      | Reached XP level 4. HP: 12/24 MP: 0/8
  2990 | D:3      | Learned a level 4 spell: Agony
  3256 | D:3      | Found a bloodstained altar of Trog.
  3540 | D:4      | Noticed a sky beast
  3677 | D:4      | Killed a sky beast
  3678 | D:4      | Reached XP level 5. HP: 28/28 MP: 0/9
  3891 | D:4      | Noticed Dowan
  4248 | D:4      | Noticed Ijyb
  4257 | D:4      | Killed Ijyb
  4398 | D:4      | Noticed Duvessa
  4491 | D:4      | Noticed an ogre
  4706 | D:5      | Entered Level 5 of the Dungeon
  4836 | D:5      | Gained mutation: You regenerate a little health from kills.
                  | [Skeleton growth]
  4836 | D:5      | Reached XP level 6. HP: 32/32 MP: 7/11
  4872 | D:5      | Found a blossoming altar of Fedhas.
  4891 | D:5      | Reached skill level 5 in Spellcasting
  5151 | D:5      | Reached skill level 1 in Fighting
  5151 | D:5      | Reached XP level 7. HP: 37/37 MP: 16/16
  5157 | D:5      | Learned a level 5 spell: Dispel Undead
  7012 | D:4      | Killed Duvessa
  7013 | D:4      | Reached XP level 8. HP: 48/48 MP: 2/17
  7073 | D:4      | Killed Dowan
  7867 | D:6      | Reached skill level 5 in Fighting
  7994 | D:6      | Found Tev Asai's General Store.
  8069 | D:6      | Noticed a hippogriff
  8072 | D:6      | Killed a hippogriff
  8127 | D:6      | Found Jeng's Armour Shoppe.
  8384 | D:6      | Found a staircase to the Ecumenical Temple.
  8476 | Temple   | Entered the Ecumenical Temple
  8692 | Temple   | Became a worshipper of Kikubaaqudgha
  8882 | D:7      | Noticed Prince Ribbit
  9155 | D:7      | Killed Prince Ribbit
  9156 | D:7      | Reached XP level 9. HP: 57/59 MP: 4/18
  9363 | D:7      | Reached skill level 1 in Axes
  9496 | D:6      | Reached skill level 2 in Axes
  9573 | D:7      | Reached skill level 3 in Axes
  9687 | D:7      | Reached skill level 4 in Axes
  9711 | D:7      | Reached skill level 5 in Axes
  9813 | D:7      | Reached * piety under Kikubaaqudgha
  9813 | D:7      | Identified Kikubaaqudgha's Guide on Sinister Rituals
                  | (Kikubaaqudgha gifted it to you on level 7 of the Dungeon)
  9813 | D:7      | Received a gift from Kikubaaqudgha
  9821 | D:7      | Learned a level 2 spell: Corpse Rot
  9826 | D:7      | Learned a level 4 spell: Animate Dead
  9955 | D:7      | Reached skill level 6 in Axes
 10288 | D:8      | Reached skill level 1 in Armour
 10445 | D:8      | Reached skill level 7 in Axes
 10649 | D:8      | Noticed a meliai
 10940 | D:8      | Noticed a troll
 10956 | D:8      | Killed a troll
 10957 | D:8      | Reached skill level 10 in Necromancy
 11015 | D:8      | Noticed a troll
 11028 | D:8      | Killed a troll
 11029 | D:8      | Gained mutation: Your movements are less encumbered by
                  | armour. (ER -4) [Skeleton growth]
 11029 | D:8      | Reached XP level 10. HP: 46/64 MP: 4/19
 11103 | D:8      | Found Urchyuch's Antique Armour Emporium.
 11141 | D:8      | Reached skill level 5 in Armour
 11679 | D:9      | Noticed Pikel
 11679 | D:9      | Noticed a gargoyle
 11736 | D:9      | Noticed a death knight
 11759 | D:9      | Killed a death knight
 11925 | D:9      | Noticed a centaur warrior
 11940 | D:9      | Killed a centaur warrior
 11941 | D:9      | Reached skill level 8 in Axes
 12033 | D:9      | Found Ofiaraz's Antique Armour Boutique.
 12047 | D:9      | Bought a pair of runed gloves for 217 gold pieces
 12122 | D:9      | Found a staircase to the Lair.
 12128 | D:9      | Reached skill level 9 in Axes
 12224 | D:9      | Killed Pikel
 12258 | D:9      | Got a shimmering flail
 12314 | D:9      | Reached ** piety under Kikubaaqudgha
 12392 | D:9      | Reached skill level 10 in Axes
 12392 | D:9      | Reached XP level 11. HP: 67/68 MP: 16/20
 12843 | D:9      | Reached skill level 11 in Axes
 13024 | Lair:1   | Entered Level 1 of the Lair of Beasts
 13598 | D:6      | Bought a +0 buckler for 58 gold pieces
 13796 | Lair:1   | Reached skill level 1 in Shields
 13861 | Lair:1   | Noticed a six-headed hydra
 13896 | Lair:1   | Killed a six-headed hydra
 13897 | Lair:1   | Reached skill level 12 in Axes
 14376 | Lair:2   | Found a frozen archway.
 14387 | IceCv    | Entered an ice cave
 14400 | Lair:2   | HP: 3/67 [crocodile (4)]
 14412 | Lair:2   | Slain by a cane toad

Skill      XL: |  1  2  3  4  5  6  7  8  9 10 11 |
---------------+----------------------------------+-----
Necromancy     | 5 6 7 8 9 10 11 | 11.0
Spellcasting   | 6 |  6.0
Fighting       | 1 4 7 |  7.9
Axes           | 7 10 12 | 12.2
Armour         | 4 8 |  8.0
Shields        | 3 |  3.5
Dodging        | |  2.0
Stealth        | |  2.4

Action                   |  1- 3 |  4- 6 |  7- 9 | 10-12 || total
-------------------------+-------+-------+-------+-------++-------
Melee: Dagger            |    23 |    82 |   217 |       ||   322
       War axe           |       |       |    45 |    53 ||    98
       Broad axe         |       |       |       |   135 ||   135
 Cast: Necrotize         |    58 |    49 |    99 |    18 ||   224
       Vampiric Draining |     1 |     7 |    20 |     9 ||    37
       Agony             |       |     3 |    24 |     8 ||    35
       Dispel Undead     |       |       |    14 |     4 ||    18
       Corpse Rot        |       |       |     2 |     1 ||     3
       Animate Dead      |       |       |       |    18 ||    18
Invok: Receive Corpses   |       |       |     2 |     6 ||     8
  Use: Scroll            |       |     4 |     6 |     9 ||    19
 Stab: Distracted        |     1 |       |       |     4 ||     5
       Sleeping          |       |     1 |       |       ||     1
       Petrified         |       |     3 |       |       ||     3
       Paralysed         |       |       |     4 |       ||     4
Armor: Robe              |    16 |     4 |    65 |       ||    85
       Ring mail         |       |    12 |       |       ||    12
       Chain mail        |       |       |    60 |   148 ||   208
Dodge: Dodged            |    35 |    94 |   195 |    91 ||   415
Block: Buckler           |       |       |       |     7 ||     7
